 Dungeon Crawl Stone Soup version 0.27-a0-522-g46bbb28828 (webtiles) character file.

Game seed: 3241259851027036659

80 gruber the Slinger (level 4, -4/29 HPs)
             Began as a Halfling Hunter on Mar 4, 2021.
             Slain by Crazy Yiuf
             ... wielding a +3 quarterstaff of chaos
              (12 damage)
             ... on level 2 of the Dungeon.
             The game lasted 00:01:07 (1837 turns).

gruber the Slinger (Halfling Hunter)                Turns: 1837, Time: 00:01:08

Health: -4/29      AC:  3    Str: 13    XL:     4   Next: 65%
Magic:  0/4        EV: 14    Int:  9    God:
Gold:   184        SH:  0    Dex: 15    Spells: 3/3 levels left

rFire    . . .     SeeInvis .   a - +1 hunting sling
rCold    . . .     Faith    .   (shield restricted)
rNeg     . . .     Spirit   .   c - +0 leather armour
rPois    .         Reflect  .   (no helmet)
rElec    .         Harm     .   (no cloak)
rCorr    .         Rampage  .   (no gloves)
Will     .....                  (no boots)
Stlth    ++........             (no amulet)
HPRegen  0.09/turn              (no ring)
MPRegen  0.09/turn              (no ring)

@: lethally poisoned (-4 -> -22)
A: small, mutation resistance 1
a: no special abilities


You were on level 2 of the Dungeon.
You visited 1 branch of the dungeon, and saw 2 of its levels.

You collected 184 gold pieces.

Inventory:

Hand Weapons
 a - a +1 hunting sling (weapon)
 b - a +0 short sword
Missiles
 e - 71 stones (quivered ammo)
 g - 13 sling bullets
Armour
 c - a +0 leather armour (worn)
Jewellery
 h - a +6 ring of intelligence
Scrolls
 d - 2 scrolls of identify {unknown}
 k - a scroll of teleportation {unknown}
Potions
 f - a potion of brilliance {unknown}
 i - 2 potions of curing {unknown}
 j - a potion of resistance {unknown}


   Skills:
 - Level 1.7 Fighting
 + Level 8.3 Slings
 - Level 2.1 Dodging
 - Level 1.1 Stealth


You had 3 spell levels left.
You didn't know any spells.
Your spell library was empty.

Dungeon Overview and Level Annotations

Branches:
Dungeon (2/15)

Altars:
Yredelemnul

Annotations:
D:2 Crazy Yiuf


Innate Abilities, Weirdness & Mutations

You are small and have problems with some larger weapons.
You are somewhat resistant to further mutation.


Message History

You shoot a stone. The stone hits Crazy Yiuf.
Crazy Yiuf is moderately wounded.
Crazy Yiuf is nearby!
You shoot a stone. The stone closely misses Crazy Yiuf.
Crazy Yiuf misses you.
Crazy Yiuf is nearby!
You shoot a stone. The stone barely misses Crazy Yiuf.
Crazy Yiuf hits you with a +3 quarterstaff of chaos!
You feel your power leaking away.
Crazy Yiuf is nearby!
You shoot a stone. The stone hits Crazy Yiuf.
Crazy Yiuf is heavily wounded.
Crazy Yiuf is nearby!
You shoot a stone.
The stone hits Crazy Yiuf but does no damage.
Crazy Yiuf is heavily wounded.
Crazy Yiuf hits you with a +3 quarterstaff of chaos!
You are lethally poisoned!
You are too injured to fight recklessly!
Unknown command.
You are too injured to fight recklessly!
Unknown command.
You are too injured to fight recklessly!
Unknown command.
You are too injured to fight recklessly!
Fire: 73 stones
Press: ? - help, Q - select action, (/) - cycle Shift-Dir - straight line, f/p - Crazy Yiuf
Aim: Crazy Yiuf, wielding a +3 quarterstaff of chaos and wearing a +0 cloak of preservation (heavily wounded, 68% to hit)
You shoot a stone.
The stone hits Crazy Yiuf but does no damage.
Crazy Yiuf is heavily wounded.
You feel sick. Crazy Yiuf misses you.
Fire: 72 stones
Press: ? - help, Q - select action, (/) - cycle Shift-Dir - straight line, f/p - Crazy Yiuf
Aim: Crazy Yiuf, wielding a +3 quarterstaff of chaos and wearing a +0 cloak of preservation (heavily wounded, 68% to hit)
You shoot a stone. The stone hits Crazy Yiuf.
Crazy Yiuf is heavily wounded.
* * * LOW HITPOINT WARNING * * *
You feel sick.
Crazy Yiuf hits you with a +3 quarterstaff of chaos!
You die...

).#.# #)..#
#....##
..#.####.###
#....#
..#...<#.#
♣....♣
..#.####.###
♣...♣♣ ..#.#
#.#.# ♣♣.♣♣
..#.####.#.#
♣.♣♣
###.##....>#
♣♣.♣
.##.##.#.###
♣.♣♣
.##.##.#...#
♣♣@♣
..#.##.#####
#g# #.#.##.#
.(. #......#
#.(.#
###.####
#.()# # #.#
##### # #.#
###.# .##.#


You could see Crazy Yiuf.

Vanquished Creatures
  3 adders (D:2)
  An ooze (D:1)
  11 bats
  A giant cockroach (D:2)
  6 goblins
  10 hobgoblins
  2 ball pythons
  4 frilled lizards
  6 kobolds
  4 rats
48 creatures vanquished.

Notes
Turn   | Place    | Note
-------+----------+-------------------------------------------
     0 | D:1      | gruber the Halfling Hunter began the quest for the Orb.
     0 | D:1      | Reached XP level 1. HP: 14/14 MP: 1/1
    15 | D:1      | Reached skill level 6 in Slings
    84 | D:1      | Reached XP level 2. HP: 19/19 MP: 2/2
   202 | D:1      | Reached skill level 7 in Slings
   202 | D:1      | Reached XP level 3. HP: 24/24 MP: 3/3
   793 | D:2      | Reached XP level 4. HP: 22/29 MP: 4/4
  1100 | D:2      | Found a basalt altar of Yredelemnul.
  1448 | D:2      | Reached skill level 8 in Slings
  1823 | D:2      | Found a runed translucent door.
  1824 | D:2      | Noticed Crazy Yiuf
  1837 | D:2      | Slain by Crazy Yiuf

Illustrated notes

Levels and vault maps discovered:
D:1:      lemuel_arrival_hallway, layout_basic
D:2:      layout_basic, lemuel_doored_altar, uniq_crazy_yiuf_cottage

Skill      XL: |  1  2  3  4 |
---------------+-------------+-----
Slings         | 6 7 8 |  8.3
Fighting       | |  1.7
Dodging        | |  2.1
Stealth        | |  1.1

Action                   |  1- 3 |  4- 6 || total
-------------------------+-------+-------++-------
 Fire: Hunting sling     |    77 |    66 ||   143
Armor: Leather armour    |       |     2 ||     2
Dodge: Dodged            |     5 |    23 ||    28

Table legend: (Time is in decaauts)
 A = Elapsed time spent in this place.
 B = Non-inter-level travel time spent in this place.
 C = Inter-level travel time spent in this place.
 D = Time resting spent in this place.
 E = Time spent auto-exploring this place.
 F = Levels seen in this place.
 G = Mean time per level.
                   A        B        C        D        E       F      G
               +--------+--------+--------+--------+--------+-----+--------+
         Total |   1811 |   1792 |     19 |      0 |   1576 |   2 |  905.5 |
       Dungeon |   1811 |   1792 |     19 |      0 |   1576 |   2 |  905.5 |
               +--------+--------+--------+--------+--------+-----+--------+

Top non-repeatable levels by time:
     D:2: 1053 daAuts
     D:1: 758 daAuts
